 Dungeon Crawl Stone Soup version 0.30-a0-760-g5a9884bb7c (webtiles) character file.

Game seed: 3886743791267155787

10737 tilp the Carver (level 12, 0/157 HPs)
             Began as a Meteoran Fighter on Feb 10, 2023.
             Was an Elder of Okawaru.
             Slain by a wyvern (10 damage)
             ... on level 9 of the Dungeon.
             The game lasted 00:22:46 (5762 turns).

tilp the Carver (Meteoran Fighter)                  Turns: 5762, Time: 00:22:46

Health: 0/157      AC: 17    Str: 23    XL:     12   Next: 24%
Magic:  0/17       EV: 18    Int: 14    God:    Okawaru [****..]
Gold:   449        SH:  6    Dex: 22    Spells: 11/11 levels left

rFire   . . .      SeeInvis .    b - +0 falchion (heavy)
rCold   . . .      Faith    .    c - +0 buckler
rNeg    . . .      Spirit   +    O - +4 robe of Augmentation {Str+4 Int+4 Dex+4}
rPois   +          Reflect  .    p - +0 helmet
rElec   .          Harm     .    (no cloak)
rCorr   .          Rampage  .    l - +1 pair of gloves
Will    +....                    N - +2 pair of boots Stlth
                                 f - amulet of guardian spirit
HPRegen 0.46/turn                P - ring of poison resistance
MPRegen 0.15/turn                J - +4 ring of protection

@: berserking, glowing, very quick
A: sense surroundings 2, otherworldly, glowing, explore regen
a: Renounce Religion, Heroism, Finesse


You were on level 9 of the Dungeon.
You worshipped Okawaru.
Okawaru was greatly pleased with you.
You visited 2 branches of the dungeon, and saw 12 of its levels.
You also visited: Sewer.

You collected 449 gold pieces.

Inventory:

Hand Weapons
 a - a +0 long sword
 b - a +0 heavy falchion (weapon)
 k - a +3 dagger of draining
 t - a +2 dagger of holy wrath
 G - a +1 rapier of speed
Missiles
 h - 6 boomerangs
 i - 3 atropa-tipped darts
 x - 7 poisoned darts (quivered)
 Q - a curare-tipped dart
 T - a throwing net
Armour
 c - a +0 buckler (worn)
 l - a +1 pair of gloves (worn)
 p - a +0 helmet (worn)
 s - a +0 chain mail
 y - an orb of wrath
 N - a +2 pair of boots (worn)
 O - the +4 robe of Augmentation (worn) {Str+4 Int+4 Dex+4}
   (You found it on level 9 of the Dungeon)

   Str:       It affects your strength (+4).
   Int:       It affects your intelligence (+4).
   Dex:       It affects your dexterity (+4).
 R - the +5 scale mail of the Original Sin {rElec Regen+}
   (You took it off a kobold brigand on level 9 of the Dungeon)

   rElec:     It insulates you from electricity.
   Regen:     It increases your rate of health regeneration.
Jewellery
 f - an amulet of guardian spirit (around neck)
 q - an amulet of the acrobat
 B - a ring of protection from fire
 C - an amulet of regeneration
 J - a +4 ring of protection (right hand)
 P - a ring of poison resistance (left hand)
Wands
 g - a wand of roots (17)
 m - a wand of mindburst (3)
Scrolls
 e - 7 scrolls of identify
 n - a scroll of poison
 r - 3 scrolls of blinking
 w - a scroll of teleportation
 z - 2 scrolls of amnesia
 A - 5 scrolls of immolation
 E - a scroll of silence
 I - 3 scrolls of fog {unknown}
 L - a scroll of magic mapping {unknown}
 M - a scroll of fear
Potions
 d - 2 potions of brilliance
 j - 2 potions of cancellation
 o - 2 potions of flight
 u - 3 potions of haste
 v - 4 potions of curing
 D - a potion of berserk rage
 F - a potion of ambrosia
 H - a potion of attraction {unknown}
 K - a potion of magic {unknown}
 S - a potion of mutation {unknown}


   Skills:
 * Level 9.5 Fighting
 * Level 11.3 Long Blades
 + Level 5.5 Throwing
 + Level 7.2 Armour
 + Level 8.9 Dodging
 - Level 4.0 Stealth
 - Level 4.0 Shields
 * Level 5.9 Invocations
 + Level 5.6 Evocations


You had 11 spell levels left.
You didn't know any spells.
Your spell library was empty.

Dungeon Overview and Level Annotations

Branches:
Dungeon (11/15) Zot: 820   Temple (1/1) D:7 Zot: 483    Lair (0/5) D:9
  Sewer (visited)
    Orc: D:9-12

Altars:
Okawaru
Trog
Uskayaw
Vehumet
Yredelemnul
The Shining One

Shops:
D:8 [

Annotations:
D:3 2 transporters
D:9 1 runed translucent door, mopl's ghost, novice DrAE


Innate Abilities, Weirdness & Mutations

You passively map the area around you.
You are easily found by Zot.
You glow in the dark.
You regain HP and MP as you explore.


Message History

The yak is severely wounded.
The yak barely misses you.
You slash the yak!
The yak is almost dead.
The wyvern closely misses you. The wyvern completely misses you.
The yak gores you but does no damage.
You slash the yak!
You kill the yak!
Okawaru accepts your kill. The wyvern closely misses you.
You slash something! The wyvern bites you. Something hits you.
* * * LOW HITPOINT WARNING * * *
The wyvern barely misses you.
You closely miss something. The wyvern bites you!
* * * LOW HITPOINT WARNING * * *
Something hits you!
* * * LOW HITPOINT WARNING * * *
The wyvern bites you.
* * * LOW HITPOINT WARNING * * *
You miss something. Something hits you but does no damage.
The wyvern bites you.
* * * LOW HITPOINT WARNING * * *
You closely miss something. The wyvern closely misses you.
Something hits you but does no damage. The wyvern bites you.
* * * LOW HITPOINT WARNING * * *
Something barely misses you.
Unknown command.
You feel better.
The wyvern bites you but does no damage.
The wyvern bites you!
* * * LOW HITPOINT WARNING * * *
Something closely misses you.
Unknown command.
A red film seems to cover your vision as you go berserk!
You feel yourself moving faster!
You feel mighty!
The gargoyle hurls a stone arrow at you.
The stone arrow hits you!
* * * LOW HITPOINT WARNING * * *
The wyvern bites you!
You die...

# * , #.# ### , , , # ,*
#.#♣♣.♣♣ ,*** ♣., * * #,
.* #.#....♣*, ♣.♣ # ,
KW#####.#.♣≈.♣ ,* ♣.. .*
+ +##.....#..~.♣ ,,.. ,,
. ....##..#♣.≈.♣* *#
##9##### # .. #..#♣♣..♣
♣♣.♣♣#hYY#.o. #
#..#♣♣♣l♣♣♣...♣♣...♣K♣♣ .
*
####.....@{9C)....'<8>'Y♣
,, ,
..#..#♣)♣♣♣♣♣)..♣♣C..♣Y♣*
* #.#>.#♣...♣
♣♣.♣♣#...#... #.#..#.)♣♣♣
# ##'##### , ~ ~
#....#.≈..♣ **** ..,*
#....#.≈~.♣ * .~~ * ,
#....#.≈~♣♣ , ,.~~ , , .
#....#♣..♣ , ♣.~~ *, ,
.≈.#.#..#######*** , *


You could see a cyclops, a wyvern and a gargoyle.

Vanquished Creatures
  A hydra (D:9)
  2 centaur warriors (D:9)
  A boulder beetle (D:9)
  A gargoyle (D:9)
  2 trolls
  Grinder (D:5)
  Sigmund (D:4)
  2 wyverns
  A shadow (D:9)
  2 wraiths (D:10)
  15 yaks
  A steam dragon (D:9)
  2 vampire mosquitoes (D:9)
  Edmund (D:4)
  An acid dragon (D:9)
  4 water moccasins
  Duvessa (D:6)
  2 orc warriors
  A black bear (D:6)
  2 ogres
  2 centaurs
  3 kobold brigands (D:9)
  2 bullfrogs
  2 gnoll sergeants
  A necrophage (D:4)
  2 scorpions
  A wight (D:9)
  Dowan (D:6)
  23 killer bees
  5 howler monkeys
  3 hounds
  4 iguanas
  9 orc wizards
  A hell rat (Sewer)
  6 gnolls (D:6)
  7 adders
  2 river rats (Sewer)
  A shadow imp (D:5)
  2 white imps (D:7)
  4 ufetubi
  2 worms
  4 dart slugs
  24 orcs
  5 endoplasms
  4 giant cockroaches
  6 goblins
  4 hobgoblins
  2 jackals (D:3)
  14 kobolds
  6 quokkas
  7 ball pythons
  8 bats
  4 frilled lizards
  12 rats
227 creatures vanquished.

Vanquished Creatures (others)
  12 plants
12 creatures vanquished.

Grand Total: 239 creatures vanquished

Notes
Turn   | Place    | Note
-------+----------+-------------------------------------------
     0 | D:1      | tilp the Meteoran Fighter began the quest for the Orb.
     0 | D:1      | Reached XP level 1. HP: 19/19 MP: 2/2
   119 | D:2      | Reached XP level 2. HP: 26/26 MP: 3/3
   194 | D:1      | Reached skill level 1 in Dodging
   209 | D:1      | Reached XP level 3. HP: 31/31 MP: 4/4
   432 | D:2      | Reached skill level 1 in Stealth
   587 | D:2      | Reached XP level 4. HP: 30/38 MP: 3/5
   650 | D:3      | Found a glowing drain.
   654 | D:3      | Found a transporter.
   658 | D:3      | Reached skill level 3 in Long Blades
   671 | Sewer    | Entered a sewer
   691 | Sewer    | Reached XP level 5. HP: 45/45 MP: 6/6
   837 | D:3      | Found a transporter.
   914 | D:4      | Noticed a necrophage
   934 | D:4      | Killed a necrophage
   935 | D:4      | Reached skill level 4 in Long Blades
   935 | D:4      | Reached XP level 6. HP: 41/52 MP: 5/7
  1144 | D:3      | Reached skill level 1 in Throwing
  1705 | D:4      | Noticed a centaur
  1720 | D:4      | Killed a centaur
  1721 | D:4      | Reached XP level 7. HP: 52/59 MP: 5/8
  1756 | D:5      | Entered Level 5 of the Dungeon
  1835 | D:5      | Reached skill level 5 in Long Blades
  1913 | D:4      | Noticed Sigmund
  1923 | D:4      | Killed Sigmund
  1924 | D:4      | Reached skill level 6 in Long Blades
  1924 | D:4      | Reached XP level 8. HP: 28/66 MP: 6/9
  1930 | D:4      | Noticed Edmund
  1939 | D:4      | Killed Edmund
  2115 | D:5      | Noticed Grinder
  2122 | D:5      | Paralysed by Grinder for 3 turns
  2131 | D:5      | Killed Grinder
  2143 | D:5      | Reached skill level 5 in Fighting
  2232 | D:5      | Reached skill level 7 in Long Blades
  2544 | D:5      | Gained mutation: You passively map the area around you.
                  | [Meteoran growth]
  2544 | D:5      | Reached XP level 9. HP: 74/74 MP: 10/10
  2613 | D:6      | Noticed Dowan
  2676 | D:5      | Reached skill level 1 in Evocations
  3055 | D:6      | Reached skill level 5 in Armour
  3066 | D:6      | Reached skill level 5 in Dodging
  3336 | D:6      | Reached skill level 8 in Long Blades
  3407 | D:6      | Noticed Duvessa
  3420 | D:6      | Killed Duvessa
  3445 | D:6      | Killed Dowan
  3615 | D:7      | Found a staircase to the Ecumenical Temple.
  3638 | Temple   | Entered the Ecumenical Temple
  3724 | Temple   | Became a worshipper of Warmaster Okawaru
  3813 | D:7      | Reached XP level 10. HP: 32/84 MP: 4/11
  4020 | D:8      | Identified the +1 leather armour "Sosocutu" {Harm rC+ MP+9
                  | Str+2}
  4151 | D:8      | Reached * piety under Okawaru
  4294 | D:8      | Reached skill level 9 in Long Blades
  4504 | D:8      | Found Owusapa's Antique Armour Boutique.
  4664 | D:9      | Noticed a boulder beetle
  4712 | D:9      | Found the +4 robe of Augmentation {Str+4 Int+4 Dex+4}
  4816 | D:9      | Reached skill level 10 in Long Blades
  4912 | D:9      | Reached ** piety under Okawaru
  5098 | D:9      | Noticed a four-headed hydra
  5113 | D:9      | Killed a four-headed hydra
  5114 | D:9      | Reached skill level 1 in Invocations
  5114 | D:9      | Reached XP level 11. HP: 94/94 MP: 11/13
  5187 | D:9      | Found a runed translucent gate.
  5187 | D:9      | Found a staircase to the Lair.
  5189 | D:9      | Noticed mopl's ghost (novice DrAE)
  5195 | D:9      | Reached *** piety under Okawaru
  5234 | D:9      | Noticed a centaur warrior
  5256 | D:9      | Killed a centaur warrior
  5276 | D:9      | Killed a boulder beetle
  5276 | D:9      | Received a gift from Okawaru
  5279 | D:9      | Reached **** piety under Okawaru
  5280 | D:9      | Noticed a centaur warrior
  5290 | D:9      | Killed a centaur warrior
  5291 | D:9      | Reached skill level 5 in Throwing
  5291 | D:9      | Reached skill level 5 in Evocations
  5303 | D:9      | Glimpsed the power of Zot.
  5348 | D:10     | Entered Level 10 of the Dungeon
  5390 | D:10     | Reached skill level 11 in Long Blades
  5405 | D:11     | Noticed a manticore
  5415 | D:9      | Noticed a cyclops
  5424 | D:10     | Reached skill level 5 in Invocations
  5550 | D:10     | Reached XP level 12. HP: 104/104 MP: 16/16
  5691 | D:9      | Identified the +5 scale mail of the Original Sin {rElec
                  | Regen+}
  5744 | D:9      | Received a gift from Okawaru
  5762 | D:9      | Slain by a wyvern

Illustrated notes

Levels and vault maps discovered:
D:1:      matt_arrival_los_fun, layout_loops_ring,
          nicolae_kite_square_tiling_tiny
D:2:      layout_basic, chequers_ecumenical_altar_twisty, uniq_jessica
D:3:      gammafunk_steamed_eel, layout_loops_corners, gup_sewer_entry_glass
D:4:      layout_rooms, sigmund_edmund_badplayer
D:5:      layout_loops_corners, corexii_hall_statues_s, grunt_decor_resistance,
          uniq_grinder
D:6:      layout_cave_pods, mrwooster_statue_mirror, corner_web_ring,
          uniq_sigmund, uniq_duvessa
D:7:      minmay_flawed_box, layout_gridville, temple_fountains
D:8:      layout_loops_ring, serial_shops, nicolae_shop_statue_plus, eino_jars
D:9:      nzn_winding_woodlands_stair_cross
          [nzn_winding_woodlands_5x15_pathside_ponds,
          nzn_winding_woodlands_center_garden, nzn_winding_woodlands_5x15_pool,
          nzn_winding_woodlands_5x5_open_star,
          nzn_winding_woodlands_5x5_perimeter,
          nzn_winding_woodlands_5x15_concentric,
          nzn_winding_woodlands_center_triple_pond,
          nzn_winding_woodlands_5x15_crooked], layout_basic,
          nicolae_overflow_squiral, gammafunk_ghost_nasty_kobolds,
          minmay_fountain_box
D:10:     layout_loops_cross, hiddenorc1_lemuel
D:11:     layout_small_grid, uniq_lodul
Temple:   mainiacjoe_temple_cubbyholes

Skill      XL: |  1  2  3  4  5  6  7  8  9 10 11 12 |
---------------+-------------------------------------+-----
Dodging        | 1 2 3 4 5 8 |  8.9
Stealth        | 1 2 3 4 |  4.0
Long Blades    | 3 4 6 7 8 10 11 | 11.3
Armour         | 4 5 6 7 |  7.2
Shields        | 4 |  4.0
Throwing       | 1 2 3 4 5 |  5.5
Fighting       | 4 5 6 8 9 |  9.5
Evocations     | 2 4 5 |  5.6
Invocations    | 1 5 |  5.9

Action                     |  1- 3 |  4- 6 |  7- 9 | 10-12 || total
---------------------------+-------+-------+-------+-------++-------
  Melee: Long sword        |    81 |   130 |       |       ||   211
         Falchion          |       |    38 |   265 |   389 ||   692
  Throw: Stone             |       |     2 |       |       ||     2
         Boomerang         |       |       |     1 |     3 ||     4
         Dart              |       |       |     3 |       ||     3
         Throwing net      |       |       |       |     1 ||     1
 Invoke: Heroism           |       |       |       |     2 ||     2
  Evoke: Wand              |       |       |       |     7 ||     7
    Use: Scroll            |     1 |    13 |     5 |     3 ||    22
         Potion            |       |     1 |     3 |     4 ||     8
   Stab: Held in net/web   |       |       |       |     1 ||     1
 Armour: Scale mail        |    62 |    97 |    11 |       ||   170
         Chain mail        |       |       |   161 |   158 ||   319
         Skin              |       |       |    37 |       ||    37
         Robe              |       |       |       |   114 ||   114
  Dodge: Dodged            |    31 |    83 |   124 |   289 ||   527
  Block: Buckler           |    13 |    54 |    82 |   161 ||   310

Table legend: (Time is in decaauts)
 A = Elapsed time spent in this place.
 B = Non-inter-level travel time spent in this place.
 C = Inter-level travel time spent in this place.
 D = Time resting spent in this place.
 E = Time spent auto-exploring this place.
 F = Levels seen in this place.
 G = Mean time per level.
                   A        B        C        D        E       F      G
               +--------+--------+--------+--------+--------+-----+--------+
         Total |   6059 |   5338 |    721 |    121 |      0 |  13 |  466.1 |
       Dungeon |   5778 |   5087 |    691 |     92 |      0 |  11 |  525.3 |
        Temple |    116 |     86 |     30 |      0 |      0 |   1 |  116.0 |
         Sewer |    164 |    164 |      0 |     29 |      0 |   1 |  164.0 |
               +--------+--------+--------+--------+--------+-----+--------+

Top non-repeatable levels by time:
     D:6: 882 daAuts
     D:9: 816 daAuts
     D:3: 765 daAuts
     D:5: 745 daAuts
     D:8: 724 daAuts
     D:4: 546 daAuts
     D:2: 390 daAuts
     D:1: 305 daAuts
    D:10: 304 daAuts
     D:7: 294 daAuts
   Sewer: 164 daAuts
  Temple: 116 daAuts
    D:11: 1 daAuts
